 Dungeon Crawl Stone Soup version 0.23-b1-59-g586d0d887c (webtiles) character file.

Game seed: 237071279249680014

388 Revguard the Chopper (level 6, -3/53 HPs)
             Began as a Minotaur Fighter on Feb 5, 2019.
             Slain by a hornet (8 damage)
             ... on level 4 of the Dungeon.
             The game lasted 00:07:36 (1996 turns).

Revguard the Chopper (Minotaur Fighter)             Turns: 1996, Time: 00:07:37

Health: -3/53      AC: 11    Str: 25    XL:     6   Next: 49%
Magic:  5/5        EV:  8    Int:  5    God:
Gold:   169        SH: 10    Dex: 12    Spells: 5/5 levels left

rFire    . . .     SeeInvis .   k - +1 war axe (chop)
rCold    . . .     Gourm    .   c - +0 shield
rNeg     . . .     Faith    .   i - +4 scale mail
rPois    .         Spirit   .   (helmet restricted)
rElec    .         Reflect  .   (no cloak)
rCorr    .         Harm     .   (no gloves)
MR       .....                  (no boots)
Stlth    ..........             (no amulet)
HPRegen  0.17/turn              (no ring)
MPRegen  0.09/turn              (no ring)

@: mighty, lethally poisoned (-3 -> -7), slowed, drained, very slow
A: retaliatory headbutt, horns 2
a: no special abilities


You were on level 4 of the Dungeon.
You were not hungry.

You visited 1 branch of the dungeon, and saw 4 of its levels.

You collected 169 gold pieces.

Inventory:

Hand Weapons
 k - a +1 war axe of chopping (weapon)
Armour
 c - a +0 shield (worn)
 i - a +4 scale mail (worn)
Wands
 m - a wand of polymorph (6)
Scrolls
 b - 2 scrolls of remove curse
 e - 3 scrolls of identify
 h - a scroll of fog {unknown}
 j - a scroll of immolation {unknown}
 l - a scroll of enchant weapon {unknown}
 n - a scroll of random uselessness {unknown}
 p - 2 scrolls of teleportation {unknown}
 r - a scroll of amnesia {unknown}
 s - 2 scrolls of enchant armour {unknown}
 t - 2 scrolls of magic mapping {unknown}
Potions
 g - a potion of degeneration
Comestibles
 a - a chunk of flesh
 f - 10 rations


   Skills:
 + Level 4.6(3.9) Fighting
 + Level 5.8(5.1) Axes
 + Level 5.0(4.3) Armour
 + Level 1.5(0.9) Dodging
 + Level 4.9(4.1) Shields


You had 5 spell levels left.
You didn't know any spells.
Your spell library was empty.

Dungeon Overview and Level Annotations

Branches:
Dungeon (4/15)
 Temple: D:4-7

Altars:
Dithmenos
Vehumet
The Shining One


Innate Abilities, Weirdness & Mutations

You reflexively headbutt those who attack you in melee.
You have a pair of horns on your head.


Message History

You feel yourself slow down. The hornet completely misses you.
You furiously retaliate!
You headbutt the hornet, but do no damage.
You hit the hornet.
The hornet is moderately wounded.
You feel yourself speed up.
You feel sick. The hornet closely misses you.
The hornet stings you but does no damage.
The hornet stings you!
* * * LOW HITPOINT WARNING * * *
You suddenly lose the ability to move!
The hornet stings you!
* * * LOW HITPOINT WARNING * * *
You shrug off the repeated paralysis!
The hornet stings you.
* * * LOW HITPOINT WARNING * * *
You feel yourself slow down.
You can move again.
You feel very mighty all of a sudden.
You feel sick. You block the hornet's attack. The hornet stings you!
You die...

#.# #.#
#.# #.#
#.# #.#
## #.#
#..#.##
#..y@.#
#.##..#
# #..#
#.?#
..%#
###.#
#.# #.#


You could see a hornet.

Vanquished Creatures
  Duvessa (D:4)
  Dowan (D:4)
  An orc priest (D:3)
  2 orc wizards (D:3)
  Jessica (D:2)
  5 adders
  An ooze (D:1)
  An adder skeleton (D:2)
  2 worms
  A leopard gecko (D:3)
  7 orcs (D:3)
  3 bats
  3 giant cockroaches
  6 goblins
  2 hobgoblins (D:1)
  4 jackals (D:3)
  7 kobolds
  10 rats
58 creatures vanquished.

Notes
Turn   | Place    | Note
-------+----------+-------------------------------------------
     0 | D:1      | Revguard the Minotaur Fighter began the quest for the Orb.
     0 | D:1      | Reached XP level 1. HP: 19/19 MP: 0/0
   291 | D:1      | Reached XP level 2. HP: 26/27 MP: 1/1
   438 | D:2      | Reached XP level 3. HP: 25/33 MP: 2/2
   601 | D:2      | Noticed Jessica
   608 | D:2      | Killed Jessica
   749 | D:2      | Reached XP level 4. HP: 40/40 MP: 3/3
  1104 | D:3      | Reached XP level 5. HP: 18/46 MP: 4/4
  1475 | D:3      | Reached skill level 5 in Axes
  1475 | D:3      | Reached skill level 1 in Dodging
  1897 | D:4      | Noticed Duvessa
  1897 | D:4      | Noticed Dowan
  1913 | D:4      | Killed Duvessa
  1913 | D:4      | Reached skill level 5 in Armour
  1913 | D:4      | Reached XP level 6. HP: 17/53 MP: 5/5
  1914 | D:4      | HP: 2/53 [Dowan/shard of ice (15)]
  1917 | D:4      | Killed Dowan
  1931 | D:4      | Found a radiant altar of Vehumet.
  1934 | D:4      | Found a glowing golden altar of the Shining One.
  1937 | D:4      | Found a shadowy altar of Dithmenos.
  1991 | D:4      | Noticed a hornet
  1994 | D:4      | Paralysed by a hornet for 3 turns
  1996 | D:4      | Slain by a hornet

Skill      XL: |  1  2  3  4  5 |
---------------+----------------+-----
Shields        | 4 |  4.9
Fighting       | 4 |  4.6
Armour         | 4 5 |  5.0
Axes           | 3 4 5 |  5.8
Dodging        | 1 |  1.5

Action                   |  1- 3 |  4- 6 || total
-------------------------+-------+-------++-------
Melee: War axe           |    49 |   102 ||   151
       Headbutt          |    11 |    14 ||    25
       Hand axe          |     2 |       ||     2
       Unarmed           |     1 |       ||     1
  Use: Scroll            |     2 |     1 ||     3
       Potion            |       |     7 ||     7
  Eat: Chunk             |       |     4 ||     4
Armor: Scale mail        |    25 |    37 ||    62
       Chain mail        |       |    16 ||    16
       Skin              |       |     9 ||     9
Dodge: Dodged            |    14 |    24 ||    38
Block: Shield            |    29 |    40 ||    69
